Map: Deathaura LE

Players

A.I. 2 (Very Easy) - Winner!

  • Race: Terran Terran
  • Spawn Location: 5:00

TheCowboy

  • Race: Protoss Protoss
  • League: Grandmaster
  • Spawn Location: 11:00

VOD

Have the link to the VOD?

Description

Time

  • Played on: Nov. 24, 2020, 3:32 p.m.
  • Length: 8:24
Show
View Real Time Build Order
Export as new Build Order

A.I. 2 (Very Easy) Terran - Winner!

Build Orders: Reaper Expand 

Get SALT Encoding   

  12  0:00  SCV  
  13  0:13  SCV  
  14  0:18  Supply Depot  
  14  0:42  Barracks  
  14  1:02  Command Center  
  14  1:30  Supply Depot, Orbital Command  
  14  1:31  Marine  
  15  1:35  Refinery  
  15  1:49  Refinery  
  15  1:55  SCV  
  16  2:07  SCV  
  17  2:14  SCV  
  19  2:15  Reaper  
  19  2:21  SCV  
  20  2:28  SCV  
  21  2:35  SCV  
  22  2:43  SCV  
  23  2:50  SCV  
  24  2:57  SCV  
  25  2:59  Marine  
  25  3:04  Refinery, SCV  
  27  3:11  SCV  
  28  3:18  Factory  
  28  3:19  SCV  
  29  3:40  Refinery  
  30  3:41  SCV  
  30  3:44  Marine  
  32  3:48  SCV  
  32  3:53  Supply Depot  
  33  3:55  SCV  
  34  4:02  SCV  
  34  4:05  Starport  
  35  4:10  SCV  
  36  4:17  SCV  
  37  4:24  SCV  
  37  4:28  Reaper  
  39  4:31  SCV  
  39  4:36  Supply Depot  
  39  4:38  SCV  
  39  4:43  Starport Tech Lab  
  40  4:45  SCV  
  41  4:53  SCV  
  42  5:00  SCV  
  42  5:02  Raven  
  45  5:07  SCV  
  45  5:12  Marine  
  47  5:14  SCV  
  48  5:45  Raven  
  50  5:56  Marine  
  51  6:41  Barracks Tech Lab  
  51  7:03  Marauder  
  43  8:06  Supply Depot  
Show
View Real Time Build Order
Export as new Build Order

TheCowboy Protoss 

Build Orders: Phoenix Opening, Blink Stalkers, Zealot Archon 

Get SALT Encoding   

  12  0:00  Probe  
  13  0:12  Probe  
  14  0:18  Pylon  
  14  0:24  Probe (Chrono Boost)  
  15  0:36  Probe (Chrono Boost), Gateway  
  16  0:45  Probe (Chrono Boost), Assimilator  
  17  0:50  Probe  
  17  0:54  Assimilator  
  18  1:03  Probe (Chrono Boost)  
  19  1:07  Gateway  
  20  1:12  Probe (Chrono Boost)  
  20  1:17  Probe (Chrono Boost)  
  20  1:23  Cybernetics Core  
  21  1:29  Probe  
  22  1:33  Pylon  
  22  1:41  Probe  
  23  1:53  Probe  
  24  1:57  Warp Gate (Chrono Boost)  
  24  1:59  Stalker x2  
  28  2:06  Pylon  
  28  2:09  Probe  
  29  2:31  Sentry  
  29  2:34  Sentry  
  33  2:39  Nexus  
  33  2:46  Shield Battery  
  33  2:52  Shield Battery  
  33  2:53  Probe  
  34  3:03  Stalker  
  36  3:05  Probe  
  36  3:07  Phoenix  
  37  3:15  Twilight Council  
  37  3:18  Probe (Chrono Boost)  
  38  3:26  Pylon  
  39  3:27  Probe (Chrono Boost)  
  39  3:44  Probe  
  39  3:45  Forge  
  40  3:51  Probe (Chrono Boost)  
  40  3:53  Blink  
  40  3:55  Sentry  
  43  4:02  Probe (Chrono Boost)  
  45  4:03  Probe (Chrono Boost)  
  45  4:08  Probe (Chrono Boost), Stalker  
  45  4:09  Probe (Chrono Boost)  
  49  4:10  Protoss Ground Weapons Level 1 (Chrono Boost)  
  49  4:18  Probe  
  49  4:20  Probe  
  49  4:23  Pylon  
  51  4:27  Stalker  
  51  4:31  Probe  
  54  4:32  Probe  
  54  4:33  Assimilator  
  55  4:43  Probe  
  55  4:44  Probe  
  57  4:47  Robotics Facility  
  57  4:56  Probe  
  57  4:57  Probe, Nexus  
  59  5:07  Gateway  
  59  5:08  Probe, Gateway  
  60  5:16  Probe  
  60  5:20  Stalker  
  60  5:21  Pylon, Probe  
  64  5:23  Stalker  
  66  5:28  Probe  
  66  5:29  Pylon  
  66  5:33  Probe  
  68  5:36  Observer  
  68  5:41  Gateway  
  69  5:43  Gateway  
  69  5:46  Probe  
  70  5:50  Probe, Protoss Ground Weapons Level 2 (Chrono Boost), Stalker x2  
  75  5:58  Probe  
  75  6:01  Photon Cannon  
  76  6:06  Charge, Probe (Chrono Boost)  
  78  6:11  Probe (Chrono Boost), Assimilator  
  78  6:14  Assimilator  
  78  6:16  Probe (Chrono Boost), Assimilator  
  80  6:21  Probe x2 (Chrono Boost), Stalker  
  80  6:23  Phoenix  
  80  6:24  Probe (Chrono Boost)  
  84  6:29  Probe  
  84  6:30  Gateway  
  86  6:34  Gateway  
  86  6:36  Templar Archives  
  86  6:38  Probe x2  
  87  6:41  Probe  
  87  6:46  Warp Prism  
  90  6:50  Probe x2  
  90  6:53  Pylon, Probe  
  93  6:55  Pylon  
  93  7:00  Pylon  
  93  7:02  Probe  
  93  7:05  Zealot x2  
  98  7:09  Pylon  
  98  7:11  Pylon  
  98  7:13  Pylon, High Templar x3  
  98  7:14  High Templar  
  106  7:19  Archon x2  
  106  7:26  Zealot x3  
  106  7:27  Probe  
  113  7:30  Pylon  
  113  7:31  Zealot  
  113  7:33  Pylon  
  115  7:39  Nexus  
  115  7:46  High Templar x2, Zealot x2  
  115  7:48  Zealot  
  115  7:51  Archon  
  125  7:53  High Templar x2  
  127  7:58  Archon  
  127  8:00  Zealot  
  127  8:02  Probe  
  127  8:03  Probe x2  
Tags
 
Add a new tag
Caveats
  • Supply blocks, unpowered buildings, or Contaminate may cause inaccurate times.
  • Supply counts are checked every 10 seconds.